[ PARTIDA AOE2 · #508079526 ]
UnrankedAztecas vs Malay
Equipo del jugador · VICT
Equipo rival · DERR
[ ANÁLISIS DE REPETICIÓN · EXTRAÍDO DE LA PARTIDA GRABADA ]
Feudal
12:15
Castillos
—
Imperial
—
| APM promedio | 62.5 |
| APM pico | 84 |
| eAPM promedio | 21.9 |
| Aldeanos / militares | 48 / 28 |
Foco
⚔️ 41.9% · 🌾 58.1%
Archer ×22 · Militia ×6
Feudal
8:33
Castillos
20:37
Imperial
—
| APM promedio | 43.1 |
| APM pico | 69 |
| eAPM promedio | 25.0 |
| Aldeanos / militares | 51 / 10 |
Foco
⚔️ 27.6% · 🌾 72.4%
Archer ×8 · Skirmisher ×2
Mapa de la partida
Recursos iniciales + cada clic de construcción. Líneas = muros · curvas = relieve. ◆ oro · ⬟ piedra · ● bayas · ✦ reliquia · ◌ hueco del cierre
Tu base· Abierta — flanco sin cerrar
Base de EL CHICHO· Abierta — hueco de 7t
Terreno inicial suavizado · ◌ = hueco del cierre detectado · pasá el cursor para detalles
Inputs por minuto
— stag11 - - EL CHICHO
Build order — stag11
124 acciones detectadas en el replay
| 0:00 | Crear | Villager (Male) |
| 0:02 | Construir | House |
| 0:03 | Construir | House |
| 0:06 | Crear | Villager (Male) |
| 0:12 | Crear | Villager (Male) |
| 0:16 | Crear | Villager (Male) |
| 1:18 | Crear | Villager (Male) |
| 1:33 | Construir | Lumber Camp |
| 2:05 | Crear | Villager (Male) |
| 2:06 | Crear | Villager (Male) |
| 2:24 | Crear | Villager (Male) |
| 2:52 | Crear | Villager (Male) |
| 3:19 | Crear | Villager (Male) |
| 3:48 | Crear | Villager (Male) |
| 3:49 | Construir | House |
| 4:04 | Crear | Villager (Male) |
| 4:18 | Crear | Villager (Male) |
| 4:24 | Construir | Barracks |
| 4:51 | Crear | Villager (Male) |
| 4:51 | Crear | Villager (Male) |
| 4:58 | Construir | House |
| 5:18 | Crear | Militia |
| 5:25 | Construir | House |
| 5:27 | Crear | Villager (Male) |
| 5:28 | Crear | Villager (Male) |
| 5:39 | Crear | Villager (Male) |
| 5:46 | Crear | Militia |
| 5:53 | Construir | Palisade Wall |
| 6:06 | Crear | Militia |
| 6:07 | Crear | Villager (Male) |
| 6:19 | Construir | Mill |
| 6:29 | Crear | Villager (Male) |
| 6:45 | Crear | Villager (Male) |
| 7:29 | Investigar | Loom |
| 7:29 | Crear | Villager (Male) |
| 7:44 | Crear | Militia |
| 7:46 | Crear | Villager (Male) |
| 7:53 | Construir | Mining Camp |
| 7:54 | Crear | Villager (Male) |
| 8:01 | Crear | Villager (Male) |
| 8:19 | Construir | House |
| 8:20 | Construir | Palisade Wall |
| 8:26 | Crear | Villager (Male) |
| 8:44 | Crear | Villager (Male) |
| 9:02 | Construir | House |
| 9:04 | Construir | Palisade Wall |
| 9:08 | Crear | Villager (Male) |
| 9:15 | Construir | Mill |
| 9:21 | Crear | Militia |
| 9:39 | Crear | Villager (Male) |
| 9:46 | Construir | House |
| 10:05 | Investigar | Feudal Age |
| 10:35 | Crear | Villager (Male) |
| 11:03 | Crear | Militia |
| 11:28 | Construir | House |
| 12:15 | Edad | Edad Feudal |
| 12:17 | Construir | Archery Range |
| 12:23 | Investigar | Man-at-Arms (upgrade) |
| 12:26 | Crear | Villager (Male) |
| 12:51 | Construir | Archery Range |
| 13:11 | Crear | Villager (Male) |
| 13:31 | Crear | Villager (Male) |
| 13:44 | Construir | Blacksmith |
| 13:44 | Crear | Archer |
| 13:44 | Crear | Archer |
| 13:57 | Crear | Villager (Male) |
| 14:01 | Investigar | Double-Bit Axe |
| 14:02 | Investigar | Double-Bit Axe |
| 14:18 | Crear | Villager (Male) |
| 14:20 | Investigar | Horse Collar |
| 14:21 | Investigar | Horse Collar |
| 14:23 | Crear | Archer |
| 14:23 | Crear | Archer |
| 14:38 | Construir | Farm |
| 14:39 | Crear | Villager (Male) |
| 14:45 | Crear | Archer |
| 14:45 | Crear | Archer |
| 14:51 | Investigar | Fletching |
| 14:51 | Investigar | Fletching |
| 14:52 | Crear | Archer |
| 14:52 | Crear | Archer |
| 14:54 | Crear | Villager (Male) |
| 15:01 | Construir | Palisade Gate |
| 15:04 | Crear | Archer |
| 15:22 | Investigar | Padded Archer Armor |
| 15:27 | Crear | Villager (Male) |
| 15:29 | Construir | Farm |
| 15:30 | Crear | Villager (Male) |
| 15:33 | Construir | Farm |
| 15:34 | Crear | Archer |
| 15:53 | Crear | Villager (Male) |
| 15:59 | Construir | House |
| 16:02 | Crear | Archer |
| 16:04 | Crear | Villager (Male) |
| 16:07 | Construir | Farm |
| 16:08 | Construir | Farm |
| 16:10 | Construir | Farm |
| 16:25 | Crear | Archer |
| 16:25 | Crear | Archer |
| 16:31 | Crear | Villager (Male) |
| 16:38 | Construir | Farm |
| 16:42 | Crear | Archer |
| 16:42 | Crear | Archer |
| 16:49 | Crear | Villager (Male) |
| 16:50 | Construir | Farm |
| 16:58 | Crear | Archer |
| 17:14 | Crear | Archer |
| 17:14 | Crear | Archer |
| 17:15 | Crear | Villager (Male) |
| 17:20 | Construir | Farm |
| 17:20 | Crear | Villager (Male) |
| 17:26 | Construir | Farm |
| 17:37 | Crear | Villager (Male) |
| 18:04 | Construir | Farm |
| 18:14 | Crear | Archer |
| 18:14 | Crear | Archer |
| 18:36 | Crear | Villager (Male) |
| 18:42 | Construir | Market |
| 18:44 | Construir | House |
| 18:55 | Investigar | Wheelbarrow |
| 20:01 | Investigar | Castle Age |
| 20:57 | Crear | Archer |
| 20:57 | Crear | Archer |
| 21:25 | Crear | Villager (Male) |
Build order — EL CHICHO
123 acciones detectadas en el replay
| 0:00 | Crear | Villager (Male) |
| 0:01 | Crear | Villager (Male) |
| 0:01 | Crear | Villager (Male) |
| 0:02 | Construir | House |
| 0:03 | Construir | House |
| 0:10 | Crear | Villager (Male) |
| 1:17 | Crear | Villager (Male) |
| 1:55 | Construir | House |
| 2:03 | Crear | Villager (Male) |
| 2:03 | Crear | Villager (Male) |
| 2:16 | Crear | Villager (Male) |
| 2:16 | Crear | Villager (Male) |
| 2:50 | Crear | Villager (Male) |
| 3:03 | Construir | Mill |
| 3:15 | Crear | Villager (Male) |
| 3:16 | Crear | Villager (Male) |
| 3:44 | Crear | Villager (Male) |
| 3:56 | Crear | Villager (Male) |
| 4:42 | Crear | Villager (Male) |
| 4:42 | Crear | Villager (Male) |
| 4:46 | Crear | Villager (Male) |
| 4:46 | Crear | Villager (Male) |
| 4:53 | Crear | Villager (Male) |
| 4:58 | Crear | Villager (Male) |
| 5:29 | Crear | Villager (Male) |
| 5:47 | Construir | Lumber Camp |
| 5:54 | Crear | Villager (Male) |
| 5:57 | Crear | Villager (Male) |
| 6:33 | Crear | Villager (Male) |
| 6:36 | Crear | Villager (Male) |
| 6:36 | Investigar | Loom |
| 6:52 | Investigar | Feudal Age |
| 7:11 | Construir | House |
| 7:14 | Construir | House |
| 7:44 | Construir | Barracks |
| 8:11 | Crear | Villager (Male) |
| 8:33 | Edad | Edad Feudal |
| 8:36 | Construir | Archery Range |
| 8:45 | Construir | Mining Camp |
| 8:45 | Crear | Villager (Male) |
| 9:01 | Construir | Farm |
| 9:08 | Construir | House |
| 9:15 | Crear | Villager (Male) |
| 9:23 | Crear | Archer |
| 9:24 | Crear | Archer |
| 9:37 | Crear | Villager (Male) |
| 9:40 | Construir | Farm |
| 9:46 | Construir | Farm |
| 10:01 | Crear | Archer |
| 10:12 | Construir | House |
| 10:14 | Construir | Palisade Wall |
| 10:18 | Construir | House |
| 10:37 | Construir | Farm |
| 10:37 | Crear | Villager (Male) |
| 10:38 | Crear | Villager (Male) |
| 11:02 | Crear | Villager (Male) |
| 11:07 | Crear | Villager (Male) |
| 11:22 | Construir | Farm |
| 11:33 | Construir | Farm |
| 11:41 | Crear | Villager (Male) |
| 12:03 | Construir | Farm |
| 12:12 | Construir | Farm |
| 12:13 | Crear | Villager (Male) |
| 12:16 | Crear | Archer |
| 12:20 | Construir | House |
| 12:22 | Construir | Market |
| 12:32 | Crear | Archer |
| 12:44 | Crear | Villager (Male) |
| 12:50 | Construir | Mill |
| 13:02 | Construir | House |
| 13:05 | Construir | Palisade Wall |
| 13:09 | Construir | Farm |
| 13:10 | Crear | Villager (Male) |
| 13:38 | Construir | Farm |
| 13:44 | Crear | Villager (Male) |
| 13:49 | Crear | Villager (Male) |
| 13:51 | Crear | Archer |
| 13:53 | Construir | Farm |
| 14:12 | Crear | Archer |
| 14:18 | Construir | Palisade Wall |
| 14:37 | Crear | Villager (Male) |
| 14:43 | Construir | Farm |
| 14:46 | Crear | Villager (Male) |
| 14:49 | Construir | House |
| 14:52 | Construir | Palisade Wall |
| 14:57 | Construir | Farm |
| 15:02 | Crear | Archer |
| 15:15 | Construir | House |
| 15:16 | Construir | Palisade Wall |
| 15:26 | Crear | Villager (Male) |
| 15:47 | Construir | Palisade Wall |
| 15:48 | Crear | Villager (Male) |
| 15:54 | Construir | Palisade Wall |
| 16:05 | Crear | Villager (Male) |
| 16:06 | Crear | Skirmisher |
| 16:10 | Investigar | Double-Bit Axe |
| 16:10 | Investigar | Horse Collar |
| 16:23 | Construir | House |
| 16:24 | Construir | Palisade Wall |
| 16:28 | Construir | Palisade Wall |
| 16:34 | Construir | Palisade Wall |
| 16:35 | Construir | Palisade Wall |
| 16:37 | Crear | Villager (Male) |
| 16:43 | Crear | Villager (Male) |
| 16:53 | Construir | Palisade Wall |
| 16:56 | Construir | Palisade Wall |
| 17:17 | Construir | Palisade Wall |
| 17:33 | Construir | Farm |
| 17:34 | Crear | Villager (Male) |
| 17:43 | Construir | Farm |
| 17:45 | Construir | Farm |
| 17:50 | Crear | Skirmisher |
| 18:04 | Crear | Villager (Male) |
| 18:25 | Construir | Mining Camp |
| 18:27 | Crear | Villager (Male) |
| 18:51 | Construir | Farm |
| 19:01 | Investigar | Castle Age |
| 19:46 | Construir | Lumber Camp |
| 20:37 | Edad | Edad de los Castillos |
| 20:37 | Construir | Watch Tower |
| 20:58 | Crear | Villager (Male) |
| 21:03 | Construir | Lumber Camp |
| 21:04 | Crear | Villager (Male) |
Cronología de la partida
| 4:24 | stag11 · first_building Barracks |
| 5:53 | stag11 · wall_segment Palisade Wall x10 |
| 7:44 | EL CHICHO · first_building Barracks |
| 8:20 | stag11 · wall_segment Palisade Wall x9 |
| 8:33 | EL CHICHO · age_up feudal |
| 8:36 | EL CHICHO · first_building Archery Range |
| 9:04 | stag11 · wall_segment Palisade Wall x5 |
| 10:14 | EL CHICHO · wall_segment Palisade Wall x1 |
| 12:15 | stag11 · age_up feudal |
| 12:17 | stag11 · first_building Archery Range |
| 13:05 | EL CHICHO · wall_segment Palisade Wall x1 |
| 14:18 | EL CHICHO · wall_segment Palisade Wall x1 |
| 14:52 | EL CHICHO · wall_segment Palisade Wall x11 |
| 15:16 | EL CHICHO · wall_segment Palisade Wall x4 |
| 15:47 | EL CHICHO · wall_segment Palisade Wall x4 |
| 15:54 | EL CHICHO · wall_segment Palisade Wall x2 |
| 16:24 | EL CHICHO · wall_segment Palisade Wall x4 |
| 16:28 | EL CHICHO · wall_segment Palisade Wall x9 |
| 16:34 | EL CHICHO · wall_segment Palisade Wall x2 |
| 16:35 | EL CHICHO · wall_segment Palisade Wall x3 |
| 16:53 | EL CHICHO · wall_segment Palisade Wall x5 |
| 16:56 | EL CHICHO · wall_segment Palisade Wall x6 |
| 17:17 | EL CHICHO · wall_segment Palisade Wall x3 |
| 19:33 | EL CHICHO · first_market_buy 100 wood |
| 19:53 | stag11 · first_market_buy 100 food |
| 19:54 | stag11 · first_market_sell 100 wood |
| 20:37 | EL CHICHO · age_up castle |
| 21:00 | EL CHICHO · first_market_sell 100 food |
| 21:26 | EL CHICHO · resign |
[ ANÁLISIS IA · 1 CRÉDITO ]
¿Qué pasó realmente en esta partida?
Wolo.gg analiza cada decisión: build order, eco, micro, errores típicos por bracket. Análisis personalizado por WhatsApp o Discord en 30 segundos.
Guía civ
Aztecas
Perfil
Jugador #2094048